 Dungeon Crawl Stone Soup version 0.29.1-15-g9cfb28693d (webtiles) character file.

Game seed: 3828618739282576654

4 H0rd4k the Charlatan (level 1, 0/13 HPs)
             Began as an Octopode Artificer on Mar 2, 2023.
             Slain by a quokka (5 damage)
             ... on level 1 of the Dungeon.
             The game lasted 00:00:15 (401 turns).

H0rd4k the Charlatan (Octopode Artificer)            Turns: 401, Time: 00:00:16

Health: 0/13       AC:  1    Str: 11    XL:     1   Next: 60%
Magic:  1/1        EV: 13    Int: 13    God:
Gold:   8          SH:  0    Dex: 12    Spells: 0/0 levels left

rFire   . . .      SeeInvis .   (no weapon)
rCold   . . .      Faith    .   (no shield)
rNeg    . . .      Spirit   .   (helmet restricted)
rPois   .          Reflect  .   (no amulet)
rElec   .          Harm     .   (no ring)
rCorr   .          Rampage  .   (no ring)
Will    .....                   (no ring)
Stlth   +++.......              (no ring)
HPRegen 0.04/turn               (no ring)
MPRegen 0.07/turn               (no ring)
                                (no ring)
                                (no ring)

@: no status effects
A: almost no armour, amphibious, 8 rings, camouflage 1, gelatinous body 1,
(nimble swimmer 1), tentacles
a: no special abilities


You were on level 1 of the Dungeon.
You visited 1 branch of the dungeon, and saw 1 of its levels.

You collected 8 gold pieces.

Inventory:

Wands
 b - a wand of flame (15) (quivered)
 c - a wand of charming (15)
 d - a wand of iceblast (5)
Scrolls
 g - a scroll of acquirement {unknown}
Potions
 a - 2 potions of mutation {unknown}
 e - a potion of resistance {unknown}
 f - a potion of ambrosia {unknown}


   Skills:
 * Level 1.4 Fighting
 - Level 2.3 Dodging
 - Level 1.3 Stealth
 * Level 0.3 Spellcasting
 - Level 3.2 Evocations


You couldn't memorise any spells.
You didn't know any spells.
Your spell library was empty.

Dungeon Overview and Level Annotations

Branches:
Dungeon (1/15)

Altars:


Innate Abilities, Weirdness & Mutations

You cannot wear most types of armour.
You are amphibious.
You can wear up to eight rings at the same time.
Your skin changes colour to match your surroundings (Stealth+).
Your rubbery body absorbs attacks. (AC +1, EV +1)
((You are camouflaged when in or above water. (Stealth+)))
You have tentacles for arms and can constrict up to eight enemies at once.


Message History

There are monsters nearby!
There are monsters nearby!
The helpless rat fails to defend itself.
You tentacle-slap the rat. Your grab misses the rat. You squeeze the rat.
You kill the rat!
The ball python hisses angrily.
A ball python is nearby!
A ball python is nearby!
You tentacle-slap the ball python. Your grab misses the ball python.
The ball python is moderately wounded.
The ball python bites you. The ball python closely misses you.
A ball python is nearby!
You closely miss the ball python. You grab the ball python.
You squeeze the ball python.
You kill the ball python!
g - a scroll labelled BAMIH WIX LUA No target in view!
No target in view!
A giant cockroach, a jackal and a quokka come into view. 2 ball pythons come into view.
There are monsters nearby!
There are monsters nearby!
An endoplasm, a rat, a kobold and a ball python come into view.
There are monsters nearby!
You tentacle-slap the quokka. Your grab misses the quokka.
The quokka is moderately wounded.
The kobold shouts!
The jackal barks!
The ball python hisses angrily.
The endoplasm quivers.
You hear a bark!
The ball python hisses angrily.
A bat comes into view.
The quokka bites you.
A jackal comes into view.
The bat moves out of view.
The quokka attacks as you move away! The quokka bites you.
The quokka barely misses you.
You barely miss the quokka. Your grab misses the quokka.
You tentacle-slap the quokka, but do no damage.
The quokka is moderately wounded.
The quokka bites you.
You die...

............##
.............
.J......b...#.#
.......h....#.#
............#.#
...S..SS....#.#
......h.....#.# #r#
#.# ...###@#####.###
.............†.>####
....###.....†......#
.. #..#####.....#
#..#.........#
#..#.##......#
#..#..#.#.####
#..####.#.#
#.........#


You could see a quokka, 2 jackals, a bat and 2 ball pythons.

Vanquished Creatures
  A bat (D:1)
  An endoplasm (D:1)
  A ball python (D:1)
  A rat (D:1)
4 creatures vanquished.

Notes
Turn   | Place    | Note
-------+----------+-------------------------------------------
     0 | D:1      | H0rd4k the Octopode Artificer began the quest for the Orb.
     0 | D:1      | Reached XP level 1. HP: 13/13 MP: 1/1
   401 | D:1      | Slain by a quokka

Illustrated notes

Levels and vault maps discovered:
D:1:      psy_arrival_basics, layout_basic, shapermc_ecumenical_altar_notcrosses

Action                   || total
-------------------------++-------
Melee: Unarmed           ||    14
       Tentacles         ||     4
       Constrict         ||     2
       Punch             ||     1
 Stab: Sleeping          ||     1
Armor: Skin              ||     1
Dodge: Dodged            ||     7
